 Dungeon Crawl Stone Soup version 0.28-a0-1087-gf3fc490d9d (webtiles) character file.

Game seed: 6694040309680839111

217 Defined the Chopper (level 5, -4/47 HPs)
             Began as a Hill Orc Monk on Dec 10, 2021.
             Was a Believer of Beogh.
             Slain by a water moccasin (6 damage)
             ... on level 4 of the Dungeon on Dec 12, 2021.
             The game lasted 00:15:50 (3616 turns).

Defined the Chopper (Hill Orc Monk)                 Turns: 3616, Time: 00:15:54

Health: -4/47      AC:  9    Str: 14    XL:     5   Next: 94%
Magic:  0/5        EV:  6    Int: 12    God:    Beogh [**....]
Gold:   137        SH:  0    Dex: 13    Spells: 4/4 levels left

rFire   . . .      SeeInvis .   j - +0 war axe
rCold   . . .      Faith    .   (no shield)
rNeg    . . .      Spirit   .   h - +0 chain mail
rPois   .          Reflect  .   (no helmet)
rElec   .          Harm     .   (no cloak)
rCorr   .          Rampage  .   (no gloves)
Will    .....                   (no boots)
Stlth   ..........              (no amulet)
HPRegen 0.15/turn               (no ring)
MPRegen 0.09/turn               (no ring)

@: lethally poisoned (-4 -> -22)
A: no striking features
a: Renounce Religion, Smiting


You were on level 4 of the Dungeon.
You worshipped Beogh.
Beogh was pleased with you.
You visited 1 branch of the dungeon, and saw 4 of its levels.

You collected 137 gold pieces.

Inventory:

Hand Weapons
 i - a +0 dagger of draining
 j - a +0 war axe (weapon)
Missiles
 d - 10 poisoned darts (quivered)
Armour
 b - a +0 robe
 g - a +0 ring mail
 h - a +0 chain mail (worn)
Jewellery
 l - a ring of fire
Scrolls
 a - 2 scrolls of holy word {unknown}
 e - a scroll of immolation {unknown}
 f - a scroll of teleportation
 m - a scroll of enchant weapon {unknown}
 n - a scroll of noise {unknown}
 p - a scroll of fear {unknown}
Potions
 c - a potion of attraction
 o - a potion of flight


   Skills:
 + Level 4.9 Fighting
 + Level 0.1 Short Blades
 + Level 6.4 Axes
 * Level 2.9 Armour
 - Level 2.4 Dodging
 - Level 1.5 Stealth
 * Level 0.1 Invocations


You had 4 spell levels left.
You didn't know any spells.
Your spell library contained the following spells:

 Spells                   Type           Power      Damage    Failure   Level
 Magic Dart               Conj           0%         1d3       100%        1
 Call Imp                 Summ           0%         N/A       100%        2
 Conjure Flame            Conj/Fire      0%         6-21      100%        3
 Ignite Poison            Fire/Tmut/Pois 0%         N/A       100%        3
 Mephitic Cloud           Conj/Pois/Air  0%         N/A       100%        3
 Sticky Flame             Conj/Fire      0%         2d3       100%        4


Dungeon Overview and Level Annotations

Branches:
Dungeon (4/15)
 Temple: D:4-7

Altars:

Shops:
D:1 =


Message History

The ufetubus hits you but does no damage. x2
The ufetubus barely misses you. The ufetubus hits you.
You hit the ufetubus.
You kill the ufetubus!
Beogh accepts your kill. The water moccasin bites you.
You miss the water moccasin.
The water moccasin is moderately wounded.
The water moccasin barely misses you.
The water moccasin bites you but does no damage.
Aiming: Smiting
Press: ? - help, Dir - move target, f/p - water moccasin Smite: a water moccasin (moderately wounded)
You smite the water moccasin!
The water moccasin is heavily wounded.
The water moccasin bites you but does no damage.
The adder barely misses you.
You hit the adder.
The adder is heavily wounded.
You closely miss the water moccasin. The water moccasin bites you.
You are poisoned.
The water moccasin poisons you! The adder barely misses you.
The water moccasin bites you.
As you read the scroll of teleportation, it crumbles to dust.
You feel strangely unstable.
You feel very sick. The adder bites you.
* * * LOW HITPOINT WARNING * * *
The water moccasin bites you.
* * * LOW HITPOINT WARNING * * *
You are more poisoned.
The water moccasin poisons you! The adder barely misses you.
It was a potion of cancellation.
You feel strangely stable.
You feel magically purged.
* * * LOW HITPOINT WARNING * * *
You feel very sick. The water moccasin barely misses you.
The adder bites you but does no damage. The water moccasin bites you.
You die...

........###.......#...
#...##### #.......#...
#...### ###........
......# ##...###.. #...#.#
#.....##.####.# ##.##.#
#.....##......# #..##.#
#.....##.# #.###>#
##...S##.##.# #.###.#
#[..@S.....#
......#############......#
............# #.####.#
..#.#.#####.# #.. #
....#.# #.# #### ......#
#.# ..###.# #.#
......#####.#
............#


You could see a water moccasin and an adder.

Vanquished Creatures
  A phantom (D:3)
  Robin (D:2)
  4 adders
  An ufetubus (D:4)
  5 dart slugs
  3 orcs (D:3)
  6 endoplasms
  2 giant cockroaches
  8 goblins
  8 hobgoblins
  2 jackals (D:1)
  A quokka (D:3)
  7 ball pythons
  8 bats
  3 frilled lizards
  11 kobolds
  2 rats
73 creatures vanquished.

Vanquished Creatures (others)
  2 fungi (D:1)
  A plant (D:1)
3 creatures vanquished.

Grand Total: 76 creatures vanquished

Notes
Turn   | Place    | Note
-------+----------+-------------------------------------------
     0 | D:1      | Defined the Hill Orc Monk began the quest for the Orb.
     0 | D:1      | Reached XP level 1. HP: 19/19 MP: 1/1
   264 | D:1      | Reached XP level 2. HP: 9/27 MP: 2/2
   609 | D:1      | Found Rogeecail's Jewellery Shoppe.
   742 | D:1      | Found a faded altar of an unknown god.
  1222 | D:2      | Reached XP level 3. HP: 33/33 MP: 3/3
  1367 | D:2      | Reached skill level 5 in Axes
  1697 | D:2      | Reached skill level 1 in Armour
  1916 | D:2      | Reached XP level 4. HP: 40/41 MP: 4/4
  1917 | D:2      | Noticed Robin
  1940 | D:2      | Killed Robin
  2297 | D:3      | Noticed a phantom
  2585 | D:3      | Killed a phantom
  2586 | D:3      | Reached skill level 6 in Axes
  2586 | D:3      | Reached XP level 5. HP: 17/47 MP: 5/5
  3182 | D:3      | Became a worshipper of Beogh the Brigand
  3182 | D:3      | Reached * piety under Beogh
  3182 | D:3      | Reached ** piety under Beogh
  3595 | D:4      | Noticed a water moccasin
  3616 | D:4      | HP: 2/47 [poisoned by a water moccasin]
  3616 | D:4      | Slain by a water moccasin

Illustrated notes

Levels and vault maps discovered:
D:1:      onia_arrival_pyramid, layout_basic, dreamdust_ecumenical_altar_grove,
          serial_shops, shop, minmay_distorted
D:2:      minmay_evil_eye, layout_basic, kennysheep_generic_room_9, uniq_robin
D:3:      layout_loops_cross
D:4:      layout_loops_cross

Skill      XL: |  1  2  3  4 |
---------------+-------------+-----
Fighting       | 4 |  4.9
Axes           | 5 6 |  6.4
Armour         | 1 2 |  2.9
Short Blades   | |  0.1
Dodging        | |  2.4
Stealth        | |  1.5
Invocations    | |  0.1

Action                   |  1- 3 |  4- 6 || total
-------------------------+-------+-------++-------
Melee: Hand axe          |   132 |    77 ||   209
       Dagger            |    26 |       ||    26
       War axe           |       |    60 ||    60
Invok: Smiting           |       |     2 ||     2
       Convert to Beogh  |       |     1 ||     1
  Use: Scroll            |     1 |     4 ||     5
       Potion            |     1 |     4 ||     5
 Stab: Distracted        |     1 |       ||     1
       Sleeping          |     1 |       ||     1
Armor: Robe              |     8 |       ||     8
       Ring mail         |    43 |    32 ||    75
       Chain mail        |       |    64 ||    64
Dodge: Dodged            |    97 |    81 ||   178

Table legend: (Time is in decaauts)
 A = Elapsed time spent in this place.
 B = Non-inter-level travel time spent in this place.
 C = Inter-level travel time spent in this place.
 D = Time resting spent in this place.
 E = Time spent auto-exploring this place.
 F = Levels seen in this place.
 G = Mean time per level.
                   A        B        C        D        E       F      G
               +--------+--------+--------+--------+--------+-----+--------+
         Total |   3638 |   3599 |     39 |    931 |   1905 |   4 |  909.5 |
       Dungeon |   3638 |   3599 |     39 |    931 |   1905 |   4 |  909.5 |
               +--------+--------+--------+--------+--------+-----+--------+

Top non-repeatable levels by time:
     D:3: 1275 daAuts
     D:1: 1177 daAuts
     D:2: 1019 daAuts
     D:4: 165 daAuts
